 Dungeon Crawl Stone Soup version 0.29-a0-384-g6960b1960d (webtiles) character file.

Game seed: 10915891620955947325

8 spaghetti the Ruffian (level 2, 24/24 HPs)
             Began as a Demonspawn Berserker on May 6, 2022.
             Was a Follower of Trog.
             Quit the game on level 1 of the Dungeon.
             The game lasted 00:00:44 (392 turns).

spaghetti the Ruffian (Demonspawn Berserker)         Turns: 392, Time: 00:00:44

Health: 24/24      AC:  3    Str: 17    XL:     2   Next: 0%
Magic:  2/2        EV: 12    Int:  8    God:    Trog [*.....]
Gold:   8          SH:  0    Dex: 12    Spells: 1/1 levels left

rFire   . . .      SeeInvis .     - Unarmed
rCold   . . .      Faith    .   (no shield)
rNeg    . . .      Spirit   .   a - +0 animal skin
rPois   .          Reflect  .   (no helmet)
rElec   .          Harm     .   e - +0 cloak
rCorr   .          Rampage  .   (no gloves)
Will    .....                   (no boots)
Stlth   +.........              (no amulet)
HPRegen 0.08/turn               (no ring)
MPRegen 0.08/turn               (no ring)

@: no status effects
A: demonic magic 1
a: Renounce Religion, Berserk


You were on level 1 of the Dungeon.
You worshipped Trog.
Trog was aware of your devotion.
You visited 1 branch of the dungeon, and saw 1 of its levels.

You collected 8 gold pieces.


Innate Abilities, Weirdness & Mutations

Spells you cast may paralyse adjacent enemies.


   Skills:
 - Level 3.0 Fighting
 - Level 1.7 Armour
 - Level 1.7 Dodging
 + Level 3.2 Unarmed Combat


You had one spell level left.
You didn't know any spells.
Your spell library was empty.

Inventory:

Hand Weapons
 f - a +0 hunting sling {sling}
   (You found it on level 1 of the Dungeon)
Missiles
 b - 18 stones (quivered) {throwing}
Armour
 a - a +0 animal skin (worn)
 e - a +0 cloak (worn)
   (You found it on level 1 of the Dungeon)
Jewellery
 d - a ring of protection from fire
   (You found it on level 1 of the Dungeon)
Scrolls
 c - a scroll of teleportation {unknown}

Dungeon Overview and Level Annotations

Branches:
Dungeon (1/15)

Altars:

....#.. .....#g.
....... ##.....#
#......# .
##.#.......
###..$.#.....#
#....@.......#
#.##....####....#
#.......##...##.#
######..##.#.##$#
.. ##........#.##.#
....
#...............#
###.
........#...$...##
##
...###..#........##
.## #..#.........#


You could see a goblin.


Message History

a +0 dagger {short}; a goblin corpse You see here a +0 whip {mace}.
You see here 11 gold pieces.
A rat is nearby!
A rat is nearby!
The rat misses you.
You hit the rat. The rat bites you. 😕 HP[-2]
You take 2 damage, and now have 16/18 hp.
You are too injured to fight recklessly!
You are too injured to fight recklessly!
You are too injured to fight recklessly!
You are too injured to fight recklessly!
You are too injured to fight recklessly!
You are too injured to fight recklessly!
You are too injured to fight recklessly!
You are too injured to fight recklessly!
You are too injured to fight recklessly!
You are too injured to fight recklessly!
You are too injured to fight recklessly!
You are too injured to fight recklessly!
You are too injured to fight recklessly!
You are too injured to fight recklessly!
You are too injured to fight recklessly!
You are too injured to fight recklessly!
You are too injured to fight recklessly!
You are too injured to fight recklessly!
You hit the rat.
You kill the rat!
Trog accepts your kill. 😕 HP[+1]
You see here a +0 cloak.
e - a +0 cloak An endoplasm comes into view.
You see here a +0 hunting sling {sling}.
f - a +0 hunting sling {sling} You start putting on your armour.
You continue putting on your +0 cloak.
The endoplasm quivers.
You continue putting on your +0 cloak. x3
You finish putting on your +0 cloak.
You hit the endoplasm. You barely miss the endoplasm.
The endoplasm freezes you.
You are frozen. 😮 HP[-4]
You take 4 damage, and now have 13/18 hp.
MASSIVE DAMAGE!! (PAUSE)
You hit the endoplasm. The endoplasm freezes you.
You are frozen.
* * * LOW HITPOINT WARNING * * *
😨 HP[-5]
You take 5 damage, and now have 8/18 hp.
MASSIVE DAMAGE!! (PAUSE)
You hit the endoplasm but do no damage. The endoplasm barely misses you.
A red film seems to cover your vision as you go berserk!
You feel yourself moving faster!
You feel mighty!
The endoplasm closely misses you. 😨 HP[+5]
You now have 27 max hp (+9).
You regained 5 hp, and now have 13/27 hp.
You punch the endoplasm!
You kill the endoplasm!
Trog accepts your kill.
You have reached level 2!
Your demonic ancestry asserts itself...
A menacing aura infuses your magic. 😨 HP[+5] MP[+1]
You now have 36 max hp (+9).
You regained 5 hp, and now have 18/36 hp.
Your mp is fully restored (2).
Unknown command.
You start resting.
You feel a strong urge to attack something.
Unknown command.
You start resting.
You feel your anger nearly subside.
You are no longer berserk.
You are exhausted.
You feel yourself slow down. 😨 HP[-6]
You now have 24 max hp (-12).
Unknown command.
You start resting.
You feel yourself speed up. 😮 HP[+3]
You regained 3 hp, and now have 15/24 hp.
You start resting.
You recover from your berserk rage. 😮 HP[+1] Unknown command.
Unknown command.
You start resting. 😎 HP[+8]
Your hp is fully restored (24).
A goblin comes into view.
It is wielding a +2 dagger of electrocution.
The goblin shouts!
A goblin is nearby!
A goblin is nearby!
Unknown command.
Are you sure you want to abandon this character and quit the game? (Confirm with "yes".)

Skill      XL: |  1 |
---------------+----+-----
Unarmed Combat | 3 |  3.2
Fighting       | |  3.0
Armour         | |  1.7
Dodging        | |  1.7

Action                   || total
-------------------------++-------
Melee: Unarmed           ||    21
Invok: Berserk           ||     1
Armor: Animal skin       ||     2
Dodge: Dodged            ||     8

Levels and vault maps discovered:
D:1:      dpeg_arrival_arbitrary_a, layout_rooms, serial_curves, eino_curves_03,
          eino_curves_02, eino_curves_03

Notes
Turn   | Place    | Note
-------+----------+-------------------------------------------
     0 | D:1      | spaghetti the Demonspawn Berserker began the quest for the
                  | Orb.
     0 | D:1      | Reached XP level 1. HP: 18/18 MP: 1/1
     0 | D:1      | magus.rc [v1.9.6]
    50 | D:1      | Reached skill level 3 in Unarmed Combat
   252 | D:1      | Gained mutation: Spells you cast may paralyse adjacent
                  | enemies. [demonic ancestry]
   252 | D:1      | Reached XP level 2. HP: 18/24 MP: 2/2
   392 | D:1      | Quit the game

Vanquished Creatures
  2 endoplasms (D:1)
  A giant cockroach (D:1)
  2 goblins (D:1)
  A frilled lizard (D:1)
  A rat (D:1)
7 creatures vanquished.

Table legend:
 A = Non-vault XP
 B = Vault XP
 C = Vault XP percentage of total XP
 D = Non-vault monster count
 E = Vault monster count
 F = Vault count percentage of total count
                 A         B        C        D         E       F
            +---------+---------+-------+---------+---------+-------
      Total |      12 |       0 |   0.0 |       7 |       0 |   0.0
            +---------+---------+-------+---------+---------+-------
        D:1 |      12 |       0 |   0.0 |       7 |       0 |   0.0
            +---------+---------+-------+---------+---------+-------

Illustrated notes

Table legend:
 A = Kills in this place as a percentage of kills in entire the game.
 B = Kills by you in this place as a percentage of kills by you in the entire game.
 C = Kills by friends in this place as a percentage of kills by friends in the entire game.
 D = Other kills in this place as a percentage of other kills in the entire game.
 E = Experience gained in this place as a percentage of experience gained in the entire game.
 F = Experience gained in this place divided by the number of levels of this place that you have seen.
                   A       B       C       D       E      F
               +-------+-------+-------+-------+-------+----------------------
         Total | 100.0 | 100.0 |   N/A |   N/A | 100.0 |  12.0
       Dungeon | 100.0 | 100.0 |   N/A |   N/A | 100.0 |  12.0
               +-------+-------+-------+-------+-------+----------------------

Table legend: (Time is in decaauts)
 A = Elapsed time spent in this place.
 B = Non-inter-level travel time spent in this place.
 C = Inter-level travel time spent in this place.
 D = Time resting spent in this place.
 E = Time spent auto-exploring this place.
 F = Levels seen in this place.
 G = Mean time per level.
                   A        B        C        D        E       F      G
               +--------+--------+--------+--------+--------+-----+--------+
         Total |    402 |    402 |      0 |    304 |     41 |   1 |  402.0 |
       Dungeon |    402 |    402 |      0 |    304 |     41 |   1 |  402.0 |
               +--------+--------+--------+--------+--------+-----+--------+

Top non-repeatable levels by time:
     D:1: 402 daAuts
